TOP OF THE 1ST |
Brockton Rox batting - Pitching for Windy City ThunderBolts : RHP Mike Brungardt
|
Pitching: RHP Mike Brungardt
|
|
Batting: RHB Bob Reichley
|
0-0: Ball 1-0: Called Strike 1-1: Ground out 4-3 (Groundball, 4, EV 85.6 MPH)
|
Batting: LHB Kenny Jackson
|
0-0: Foul Ball, location: 2F 0-1: Called Strike 0-2: Foul Ball, location: 2F 0-2: Ball 1-2: Strikes out looking
|
Batting: RHB Matt Walker
|
0-0: Foul Ball, location: 2F 0-1: Ball 1-1: Ball 2-1: Fly out, F7 (Flyball, 7D, EV 91.9 MPH)
|
Top of the 1st over - 0 runs, 0 hits, 0 errors, 0 left on base; Brockton 0 - Windy City 0 |
BOTTOM OF THE 1ST |
Windy City ThunderBolts batting - Pitching for Brockton Rox : RHP Jeff Williams
|
Pitching: RHP Jeff Williams
|
|
Batting: RHB Joe Thomas
|
0-0: Ground out 6-3 (Groundball, 56, EV 80.0 MPH)
|
Batting: RHB Eddie Dimas
|
0-0: Fly out, F9 (Flyball, 9D, EV 85.0 MPH)
|
Batting: SHB Danny Gallegos
|
0-0: Called Strike 0-1: Ball 1-1: Ball 2-1: Swinging Strike 2-2: Foul Ball, location: 2F 2-2: SINGLE (Groundball, 25, EV 67.5 MPH) (infield hit)
|
Batting: RHB Camillo Bonauiti
|
0-0: Foul Ball, location: 2F 0-1: Swinging Strike 0-2: Ball 1-2: Strikes out swinging
|
Bottom of the 1st over - 0 runs, 1 hit, 0 errors, 1 left on base; Brockton 0 - Windy City 0 |
TOP OF THE 2ND |
Brockton Rox batting - Pitching for Windy City ThunderBolts : RHP Mike Brungardt
|
Batting: LHB Eric Gaugler
|
0-0: Ball 1-0: Ball 2-0: Called Strike 2-1: Swinging Strike 2-2: Foul Ball, location: 2F 2-2: Strikes out swinging
|
Batting: RHB Jose Blocker
|
0-0: Ball 1-0: Foul Ball, location: 2F 1-1: Foul Ball, location: 2F 1-2: SINGLE (Groundball, 56D, EV 103.1 MPH)
|
Batting: RHB Wayne Whimster
|
0-0: Swinging Strike 0-1: Called Strike 0-2: Strikes out looking
|
Batting: LHB Alexis Toxqui
|
0-0: Ball 1-0: Ground out 4-3 (Groundball, 4, EV 86.9 MPH)
|
Top of the 2nd over - 0 runs, 1 hit, 0 errors, 1 left on base; Brockton 0 - Windy City 0 |
BOTTOM OF THE 2ND |
Windy City ThunderBolts batting - Pitching for Brockton Rox : RHP Jeff Williams
|
Batting: RHB Nhat Phong
|
0-0: Called Strike 0-1: Ball 1-1: Ball 2-1: Called Strike 2-2: Ball 3-2: Foul Ball, location: 2F 3-2: Base on Balls
|
Batting: RHB Paul Holland
|
0-0: Ball 1-0: Called Strike 1-1: Grounds into double play, 4-6-3 (Groundball, 4, EV 101.2 MPH)
|
Batting: RHB Ricky Avila
|
0-0: Ball 1-0: Ball 2-0: Ball 3-0: Ground out 6-3 (Groundball, 6, EV 78.1 MPH)
|
Bottom of the 2nd over - 0 runs, 0 hits, 0 errors, 0 left on base; Brockton 0 - Windy City 0 |
TOP OF THE 3RD |
Brockton Rox batting - Pitching for Windy City ThunderBolts : RHP Mike Brungardt
|
Batting: LHB Isaiah Spitzbarth
|
0-0: Ball 1-0: Called Strike 1-1: Foul Ball, location: 2F 1-2: Strikes out swinging
|
Batting: LHB Darby Starburster
|
0-0: Called Strike 0-1: Swinging Strike 0-2: Ball 1-2: Ball 2-2: Strikes out swinging
|
Batting: RHB Bob Reichley
|
0-0: Called Strike 0-1: Ball 1-1: Ball 2-1: Ball 3-1: Fly out, F9 (Flyball, 89D, EV 80.6 MPH)
|
Top of the 3rd over - 0 runs, 0 hits, 0 errors, 0 left on base; Brockton 0 - Windy City 0 |
BOTTOM OF THE 3RD |
Windy City ThunderBolts batting - Pitching for Brockton Rox : RHP Jeff Williams
|
Batting: RHB Dave Dominguez
|
0-0: Fly out, F9 (Flyball, 89D, EV 83.1 MPH)
|
Batting: RHB Sim Damit
|
0-0: Fly out, F7 (Line Drive, 78D, EV 99.4 MPH)
|
Batting: RHB Joe Thomas
|
0-0: Ball 1-0: Ball 2-0: Swinging Strike 2-1: Ground out 4-3 (Groundball, 4M, EV 86.2 MPH)
|
Bottom of the 3rd over - 0 runs, 0 hits, 0 errors, 0 left on base; Brockton 0 - Windy City 0 |
TOP OF THE 4TH |
Brockton Rox batting - Pitching for Windy City ThunderBolts : RHP Mike Brungardt
|
Batting: LHB Kenny Jackson
|
0-0: SINGLE (Groundball, 4D, EV 97.5 MPH)
|
Batting: RHB Matt Walker
|
0-0: Ball 1-0: Swinging Strike 1-1: Ball 2-1: Ball 3-1: Base on Balls Kenny Jackson to second
|
Batting: LHB Eric Gaugler
|
0-0: Called Strike 0-1: Foul Ball, location: 2F 0-2: Ball 1-2: Ball 2-2: Foul Ball, location: 2F 2-2: Foul Ball, location: 2F 2-2: Ball 3-2: Fly out, F8 (Flyball, 89D, EV 99.4 MPH)
|
Batting: RHB Jose Blocker
|
0-0: Called Strike 0-1: Ball 1-1: Ball 2-1: Foul Ball, location: 2F 2-2: Strikes out swinging
|
Batting: RHB Wayne Whimster
|
0-0: Ball 1-0: Ball 2-0: Ball 3-0: Called Strike 3-1: Called Strike 3-2: Strikes out looking
|
Top of the 4th over - 0 runs, 1 hit, 0 errors, 2 left on base; Brockton 0 - Windy City 0 |
BOTTOM OF THE 4TH |
Windy City ThunderBolts batting - Pitching for Brockton Rox : RHP Jeff Williams
|
Batting: RHB Eddie Dimas
|
0-0: Foul Ball, location: 2F 0-1: Called Strike 0-2: Ground out 4-3 (Groundball, 4S, EV 71.2 MPH)
|
Batting: SHB Danny Gallegos
|
0-0: Ground out 4-3 (Groundball, 34, EV 95.6 MPH)
|
Batting: RHB Camillo Bonauiti
|
0-0: Foul Ball, location: 2F 0-1: Foul Ball, location: 2F 0-2: SINGLE (Groundball, 6D, EV 95.0 MPH)
|
Batting: RHB Nhat Phong
|
0-0: Called Strike 0-1: Swinging Strike 0-2: Foul Ball, location: 2F 0-2: Ball 1-2: Ball 2-2: Ball 3-2: Base on Balls Camillo Bonauiti to second
|
Batting: RHB Paul Holland
|
0-0: Ball 1-0: Ball 2-0: Ball 3-0: Base on Balls Camillo Bonauiti to third Nhat Phong to second
|
Batting: RHB Ricky Avila
|
0-0: Ball 1-0: Swinging Strike 1-1: Reached on error, E3 (Groundball, 3S, EV 71.9 MPH) Camillo Bonauiti scores Nhat Phong to third Paul Holland to second
|
Batting: RHB Dave Dominguez
|
0-0: Ground out 5-3 (Groundball, 56, EV 100.6 MPH)
|
Bottom of the 4th over - 1 run, 1 hit, 1 error, 3 left on base; Brockton 0 - Windy City 1 |
TOP OF THE 5TH |
Brockton Rox batting - Pitching for Windy City ThunderBolts : RHP Mike Brungardt
|
Batting: LHB Alexis Toxqui
|
0-0: Ball 1-0: Ball 2-0: Fly out, F9 (Flyball, 9, EV 90.0 MPH)
|
Batting: LHB Isaiah Spitzbarth
|
0-0: Ball 1-0: Foul Ball, location: 2F 1-1: Fly out, F9 (Flyball, 9LM, EV 90.6 MPH)
|
Batting: LHB Darby Starburster
|
0-0: Swinging Strike 0-1: Ball 1-1: Ball 2-1: Swinging Strike 2-2: Ball 3-2: SINGLE (Groundball, 6MD, EV 105.0 MPH)
|
Batting: RHB Bob Reichley
|
0-0: Swinging Strike 0-1: Ball 1-1: Called Strike 1-2: Ground out 1-3 (Groundball, P, EV 62.5 MPH)
|
Top of the 5th over - 0 runs, 1 hit, 0 errors, 1 left on base; Brockton 0 - Windy City 1 |
BOTTOM OF THE 5TH |
Windy City ThunderBolts batting - Pitching for Brockton Rox : RHP Jeff Williams
|
Batting: RHB Sim Damit
|
0-0: Called Strike 0-1: Fly out, F7 (Flyball, 78M, EV 75.0 MPH)
|
Batting: RHB Joe Thomas
|
0-0: Foul Ball, location: 2F 0-1: Fly out, F8 (Line Drive, 8LM, EV 90.6 MPH)
|
Batting: RHB Eddie Dimas
|
0-0: Called Strike 0-1: Ball 1-1: Ball 2-1: SINGLE (Line Drive, 89S, EV 99.4 MPH)
|
Batting: SHB Danny Gallegos
|
0-0: Ball 1-0: Ball 2-0: Ball 3-0: Called Strike 3-1: Base on Balls Eddie Dimas to second
|
Batting: RHB Camillo Bonauiti
|
0-0: Ball 1-0: DOUBLE (Flyball, 78XD, EV 101.2 MPH) Eddie Dimas scores Danny Gallegos to third Runner from 3rd tries for Home, SAFE, throw by CF to home
|
Batting: RHB Nhat Phong
|
0-0: Swinging Strike 0-1: Called Strike 0-2: Ball 1-2: Strikes out swinging
|
Bottom of the 5th over - 2 runs, 2 hits, 0 errors, 1 left on base; Brockton 0 - Windy City 3 |
TOP OF THE 6TH |
Brockton Rox batting - Pitching for Windy City ThunderBolts : RHP Mike Brungardt
|
Batting: LHB Kenny Jackson
|
0-0: Called Strike 0-1: Called Strike 0-2: Ball 1-2: Strikes out looking
|
Batting: RHB Matt Walker
|
0-0: Ball 1-0: Ball 2-0: Fly out, F9 (Flyball, 89M, EV 80.0 MPH)
|
Batting: LHB Eric Gaugler
|
0-0: Ball 1-0: SINGLE (Flyball, 3D, EV 88.8 MPH)
|
Batting: RHB Jose Blocker
|
0-0: Ball 1-0: Ball Eric Gaugler steals 2nd base 2-0: Called Strike 2-1: Foul Ball, location: 2F 2-2: Fly out, F8 (Line Drive, 78M, EV 96.9 MPH)
|
Top of the 6th over - 0 runs, 1 hit, 0 errors, 1 left on base; Brockton 0 - Windy City 3 |
BOTTOM OF THE 6TH |
Windy City ThunderBolts batting - Pitching for Brockton Rox : RHP Jeff Williams
|
Batting: RHB Paul Holland
|
0-0: SINGLE (Flyball, 6MD, EV 97.5 MPH) - OUT at second base trying to stretch hit.
|
Batting: RHB Ricky Avila
|
0-0: Foul Ball, location: 2F 0-1: Foul Ball, location: 2F 0-2: Ball 1-2: Ball 2-2: Ground out 6-3 (Groundball, 6S, EV 66.9 MPH)
|
Batting: RHB Dave Dominguez
|
0-0: Called Strike 0-1: Ball 1-1: Ball 2-1: Fly out, F8 (Flyball, 8LM, EV 85.6 MPH)
|
Bottom of the 6th over - 0 runs, 1 hit, 0 errors, 0 left on base; Brockton 0 - Windy City 3 |
TOP OF THE 7TH |
Brockton Rox batting - Pitching for Windy City ThunderBolts : RHP Mike Brungardt
|
Batting: RHB Wayne Whimster
|
0-0: Ball 1-0: SINGLE (Line Drive, 78S, EV 88.1 MPH)
|
Batting: LHB Alexis Toxqui
|
0-0: Called Strike 0-1: Called Strike 0-2: Ball 1-2: Ball 2-2: SINGLE (Line Drive, 34D, EV 95.6 MPH) Wayne Whimster to second
|
Batting: SHB Jose Santiago
|
0-0: Ball 1-0: Swinging Strike 1-1: Ball 2-1: Swinging Strike 2-2: Strikes out looking
|
Pinch Hitting: RHB Joe Lewis
|
0-0: Called Strike 0-1: Foul Ball, location: 2F 0-2: Ball 1-2: Foul Ball, location: 2F 1-2: Fly out, F3 (Popup, 3F, EV 75.0 MPH)
|
Batting: RHB Bob Reichley
|
0-0: Called Strike 0-1: Ball 1-1: Ball 2-1: Foul Ball, location: 2F 2-2: Foul Ball, location: 2F 2-2: Strikes out looking
|
Top of the 7th over - 0 runs, 2 hits, 0 errors, 2 left on base; Brockton 0 - Windy City 3 |
BOTTOM OF THE 7TH |
Windy City ThunderBolts batting - Pitching for Brockton Rox : RHP Jeff Williams
|
Pitching: RHP Robby Arce
|
|
Now at 2B: Joe Lewis
|
|
Now at SS: Kenny Jackson
|
|
Batting: RHB Sim Damit
|
0-0: Swinging Strike 0-1: Ball 1-1: Foul Ball, location: 2F 1-2: Fly out, F5 (Popup, 25F, EV 88.8 MPH)
|
Batting: RHB Joe Thomas
|
0-0: Ball 1-0: Foul Ball, location: 2F 1-1: SINGLE (Line Drive, 56D, EV 98.1 MPH)
|
Batting: RHB Eddie Dimas
|
0-0: Called Strike 0-1: Foul Ball, location: 2F 0-2: Foul Ball, location: 2F 0-2: Ball 1-2: Ground out 4-3 (Groundball, 4S, EV 67.5 MPH) Joe Thomas to second
|
Batting: SHB Danny Gallegos
|
0-0: Ball 1-0: Ground out 4-3 (Groundball, 34D, EV 103.1 MPH)
|
Bottom of the 7th over - 0 runs, 1 hit, 0 errors, 1 left on base; Brockton 0 - Windy City 3 |
TOP OF THE 8TH |
Brockton Rox batting - Pitching for Windy City ThunderBolts : RHP Mike Brungardt
|
Pitching: RHP Ben Robertson
|
|
Now in LF: Ricky Avila
|
|
Now in RF: Miguel Pacheco
|
|
Batting: LHB Kenny Jackson
|
0-0: Ball 1-0: Ground out 5-3 (Groundball, 5L, EV 106.2 MPH)
|
Batting: RHB Matt Walker
|
0-0: Ground out 5-3 (Groundball, 56, EV 81.2 MPH)
|
Batting: LHB Eric Gaugler
|
0-0: Ground out 4-3 (Groundball, 4, EV 90.6 MPH)
|
Top of the 8th over - 0 runs, 0 hits, 0 errors, 0 left on base; Brockton 0 - Windy City 3 |
BOTTOM OF THE 8TH |
Windy City ThunderBolts batting - Pitching for Brockton Rox : RHP Robby Arce
|
Batting: RHB Camillo Bonauiti
|
0-0: Ball 1-0: Ball 2-0: Ball 3-0: Called Strike 3-1: SINGLE (Line Drive, 9LS, EV 100.6 MPH)
|
Batting: RHB Nhat Phong
|
0-0: Ball 1-0: Ball 2-0: Called Strike 2-1: Ball 3-1: Base on Balls Camillo Bonauiti to second
|
Batting: RHB Paul Holland
|
0-0: Ball 1-0: Fly out, F8 (Line Drive, 8RM, EV 92.5 MPH)
|
Batting: RHB Ricky Avila
|
0-0: Ball 1-0: Swinging Strike 1-1: Foul Ball, location: 2F 1-2: Grounds into double play, 6-4-3 (Groundball, 6, EV 83.1 MPH)
|
Bottom of the 8th over - 0 runs, 1 hit, 0 errors, 1 left on base; Brockton 0 - Windy City 3 |
TOP OF THE 9TH |
Brockton Rox batting - Pitching for Windy City ThunderBolts : RHP Ben Robertson
|
Pitching: LHP Dave Fairn
|
|
Now at 1B: Donovan Deason
|
|
Batting: RHB Jose Blocker
|
0-0: SOLO HOME RUN (Flyball, 78XD, EV 106.9 MPH), Distance : 404 ft
|
Pinch Hitting: RHB Eric McClelland
|
0-0: Ground out 6-3 (Groundball, 6, EV 86.2 MPH)
|
Pinch Hitting: RHB Ryan Davis
|
0-0: Called Strike 0-1: Ball 1-1: Foul Ball, location: 2F 1-2: Ball 2-2: Ball 3-2: Strikes out swinging
|
Batting: SHB Jose Santiago
|
0-0: Hit by Pitch
|
Batting: RHB Joe Lewis
|
0-0: Ball 1-0: Fly out, F9 (Flyball, 89D, EV 93.1 MPH)
|
Top of the 9th over - 1 run, 1 hit, 0 errors, 1 left on base; Brockton 1 - Windy City 3 |
|